 Dungeon Crawl Stone Soup version 0.30-a0-587-gfd7c166f36 (webtiles) character file.

Game seed: 6889713650532076302

442 Citaku the Shield-Bearer (level 6, -8/56 HPs)
             Began as a Minotaur Fighter on Jan 3, 2023.
             Was a Believer of Lugonu.
             Mangled by a tentacled starspawn (30 damage)
             ... on level 1 of the Abyss.
             The game lasted 00:08:01 (2804 turns).

Citaku the Shield-Bearer (Minotaur Fighter)         Turns: 2804, Time: 00:08:02

Health: -8/56      AC: 10    Str: 21      XL:     6   Next: 71%
Magic:  5/5        EV:  9    Int:  5      God:    Lugonu [**....]
Gold:   225        SH: 10    Dex: 10 (11) Spells: 5/5 levels left

rFire   . . .      SeeInvis .    a - +0 war axe
rCold   . . .      Faith    .    c - +0 buckler
rNeg    . . .      Spirit   .    b - +0 scale mail
rPois   .          Reflect  +    (helmet restricted)
rElec   .          Harm     .    s - +0 cloak
rCorr   .          Rampage  .    g - +0 pair of gloves
Will    .....                    (no boots) Stlth
                                 f - amulet of reflection
HPRegen 0.29/turn                (no ring)
MPRegen 0.09/turn                (no ring)

@: no status effects
A: horns 2, retaliatory headbutt
a: Renounce Religion, Depart the Abyss, Banish


You were on level 1 of the Abyss.
You worshipped Lugonu.
Lugonu was pleased with you.
You visited 1 branch of the dungeon, and saw 3 of its levels.
You visited the Abyss 1 time.

You collected 225 gold pieces.

Inventory:

Hand Weapons
 a - a +0 war axe (weapon)
Armour
 b - a +0 scale mail (worn)
 c - a +0 buckler (worn)
 g - a +0 pair of gloves (worn)
 s - a +0 cloak (worn)
Jewellery
 d - an amulet of guardian spirit
 f - an amulet of reflection (around neck)
Wands
 w - a wand of flame (17)
Scrolls
 e - 9 scrolls of identify {unknown}
 i - 3 scrolls of magic mapping {unknown}
 j - a scroll of blinking {unknown}
 l - a scroll of brand weapon {unknown}
 m - a scroll of vulnerability {unknown}
 o - a scroll of immolation {unknown}
 p - 3 scrolls of amnesia {unknown}
 q - 4 scrolls of teleportation
Potions
 h - a potion of haste {unknown}
 k - a potion of berserk rage {unknown}
 n - a potion of lignification {unknown}
 r - a potion of flight {unknown}
 t - a potion of degeneration {unknown}
 u - a potion of attraction {unknown}
 v - a potion of heal wounds {unknown}


   Skills:
 + Level 5.5 Fighting
 + Level 4.7 Axes
 + Level 5.5 Armour
 + Level 5.5 Shields


You had 5 spell levels left.
You didn't know any spells.
Your spell library contained the following spells:

 Spells                   Type           Power      Damage    Failure   Level
 Freezing Cloud           Conj/Ice/Air   0%         6-21      100%        5
 Simulacrum               Ice/Necr       0%         N/A       100%        6
 Polar Vortex             Ice            0%         N/A       100%        9


Dungeon Overview and Level Annotations

Branches:
Dungeon (3/15)

Altars:
Makhleb
Trog

Shops:
D:1 ?   D:3 (

Portals:
Abyss: D:3


Innate Abilities, Weirdness & Mutations

You have a pair of horns on your head.
You reflexively headbutt those who attack you in melee.


Message History

Things that are here:
a +0 short sword of distortion; a kobold corpse
There is a one-way gate to the infinite horrors of the Abyss here.
If you enter this portal you might not be able to return immediately.
Continue?
This branch contains the abyssal rune of Zot.
Found a corrupted altar of Lugonu.
There is a corrupted altar of Lugonu here.
You kneel at the altar of Lugonu.
Unknown command.
Press < or > to pray at altars.
You kneel at the altar of Lugonu.
Lugonu welcomes you!
You can now depart the Abyss.
You can now banish your foes.
Unknown command.
Press < or > to pray at altars.
There is a corrupted altar of Lugonu here.
Found a corrupted altar of Lugonu.
A tentacled starspawn comes into view.
You slash the tentacled starspawn! You headbutt the tentacled starspawn!
The tentacled starspawn is lightly damaged.
The tentacled starspawn barely misses you.
The tentacled starspawn tentacle-slaps you!
You barely miss the tentacled starspawn.
The tentacled starspawn is lightly damaged.
Tentacles burst from the starspawn's body! 2 starspawn tentacles come into view.
You barely miss the tentacled starspawn.
The tentacled starspawn is lightly damaged.
You hit the starspawn tentacle but do no damage.
The tentacled starspawn bites you.
The tentacled starspawn tentacle-slaps you!
The starspawn tentacle grabs you. The starspawn tentacle constricts you.
You hit the tentacled starspawn.
The starspawn tentacle loses its grip on you.
Your headbutt misses the tentacled starspawn.
The tentacled starspawn is lightly damaged.
You hit the starspawn tentacle but do no damage.
You hit the starspawn tentacle. The tentacled starspawn bites you!!
Ouch! That really hurt!
You die...

##. . X..#. ## ..
##..##.#.... ##
.###....# . ..
.....#.## .#
###§.#.. .. . . #
#.#.#.##. .##..
♣.#### . #wXw##..#
.# #~
~~##..#..##@#.#.##
.. #~~
#......###.#.. # .
# # #~ ~ #... #
##.####.# .# #.
~~~#. .# ##
...##.. . .~~ .#
.#...# ##.# # .#
.. .# . . ... ##
.##. ## ~ . ...
..#.. . . # . .
.#.# ## ###.# # #
# . .###. . #. ..
#


You could see a tentacled starspawn and 2 starspawn tentacles.

Vanquished Creatures
  The ghost of Azuvok the Chopper, an amateur HOFi (D:3)
  2 crimson imps (D:3)
  A quasit (D:3)
  Crazy Yiuf (D:2)
  Jessica (D:2)
  Terence (D:2)
  Robin (D:2)
  5 adders
  A white imp (D:3)
  An ufetubus (D:3)
  2 worms (D:2)
  2 dart slugs
  3 orcs (D:3)
  2 bats (D:1)
  6 endoplasms
  7 giant cockroaches
  20 goblins
  8 hobgoblins
  3 jackals (D:2)
  8 kobolds
  2 quokkas
  2 ball pythons
  4 frilled lizards
  4 rats
88 creatures vanquished.

Vanquished Creatures (others)
  A wizard (D:3)
  4 fungi (D:2)
5 creatures vanquished.

Grand Total: 93 creatures vanquished

Notes
Turn   | Place    | Note
-------+----------+-------------------------------------------
     0 | D:1      | Citaku the Minotaur Fighter began the quest for the Orb.
     0 | D:1      | Reached XP level 1. HP: 19/19 MP: 0/0
    78 | D:1      | Found Komergh's Magic Scroll Shoppe.
    89 | D:1      | Reached XP level 2. HP: 25/27 MP: 1/1
   221 | D:1      | Reached XP level 3. HP: 33/33 MP: 2/2
   673 | D:2      | Noticed Terence
   680 | D:2      | Killed Terence
   681 | D:2      | Reached XP level 4. HP: 31/41 MP: 3/3
   861 | D:2      | Noticed Jessica
   865 | D:2      | Killed Jessica
  1144 | D:2      | Noticed Robin
  1170 | D:2      | Reached XP level 5. HP: 10/47 MP: 4/4
  1172 | D:2      | Killed Robin
  1568 | D:2      | Found a burning altar of Makhleb.
  1704 | D:2      | Found a runed translucent door.
  1705 | D:2      | Noticed Crazy Yiuf
  1714 | D:2      | Killed Crazy Yiuf
  1844 | D:3      | Found Mujar's Weapon Shop.
  1861 | D:3      | Found a transporter.
  1877 | D:3      | Found a transporter.
  1877 | D:3      | Noticed Azuvok's ghost (amateur HOFi)
  1908 | D:3      | Found a one-way gate to the infinite horrors of the Abyss.
  1962 | D:3      | Found a bloodstained altar of Trog.
  1964 | D:3      | Noticed a wizard
  1969 | D:3      | Killed a wizard
  2017 | D:3      | Reached skill level 5 in Shields
  2085 | D:3      | Reached skill level 5 in Fighting
  2085 | D:3      | Reached skill level 5 in Armour
  2412 | D:3      | Reached XP level 6. HP: 54/56 MP: 5/5
  2467 | D:3      | Killed Azuvok's ghost
  2724 | D:3      | Voluntarily entered the Abyss.
  2728 | Abyss:1  | Found a corrupted altar of Lugonu.
  2736 | Abyss:1  | Became a worshipper of Lugonu the Unformed
  2736 | Abyss:1  | Reached * piety under Lugonu
  2736 | Abyss:1  | Reached ** piety under Lugonu
  2740 | Abyss:1  | Found a corrupted altar of Lugonu.
  2791 | Abyss:1  | Noticed a tentacled starspawn
  2804 | Abyss:1  | Mangled by a tentacled starspawn

Illustrated notes

Levels and vault maps discovered:
D:1:      erik_arrival_orb_chamber, layout_rooms, serial_shops, shop
D:2:      layout_loops_corners, basic_altar, minmay_misc_feat_chi, uniq_robin,
          uniq_jessica, uniq_terence, uniq_crazy_yiuf_cottage
D:3:      layout_rooms, trog_wizard, serial_shops, shop,
          gammafunk_ghost_abyssal_escape
Abyss:1:  base: D:3, base:
D:1

Skill      XL: |  1  2  3  4  5 |
---------------+----------------+-----
Armour         | 4 5 |  5.5
Fighting       | 4 5 |  5.5
Shields        | 4 5 |  5.5
Axes           | 3 4 |  4.7

Action                   |  1- 3 |  4- 6 || total
-------------------------+-------+-------++-------
Melee: War axe           |    75 |   129 ||   204
       Headbutt          |     7 |    19 ||    26
  Use: Potion            |       |     1 ||     1
Armor: Scale mail        |    35 |    64 ||    99
Dodge: Dodged            |    40 |    55 ||    95
Block: Buckler           |    45 |    84 ||   129
       Reflection        |     2 |       ||     2

Table legend: (Time is in decaauts)
 A = Elapsed time spent in this place.
 B = Non-inter-level travel time spent in this place.
 C = Inter-level travel time spent in this place.
 D = Time resting spent in this place.
 E = Time spent auto-exploring this place.
 F = Levels seen in this place.
 G = Mean time per level.
                   A        B        C        D        E       F      G
               +--------+--------+--------+--------+--------+-----+--------+
         Total |   2874 |   2874 |      0 |    294 |   1623 |   4 |  718.5 |
       Dungeon |   2793 |   2793 |      0 |    294 |   1588 |   3 |  931.0 |
         Abyss |     80 |     80 |      0 |      0 |     35 |   1 |   80.0 |
               +--------+--------+--------+--------+--------+-----+--------+

Top non-repeatable levels by time:
     D:2: 1332 daAuts
     D:3: 904 daAuts
     D:1: 556 daAuts
 Abyss:1: 80 daAuts
